 Dungeon Crawl Stone Soup version 0.24.0-41-g2ae2f7f1be (webtiles) character file.

Game seed: 8185425380788772103, levelgen mode: deterministic

28902 ReteAZ the Warrior (level 13, -1/92 HPs)
             Began as a Gargoyle Gladiator on Dec 9, 2019.
             Was a High Priest of Makhleb.
             Slain by a six-headed hydra simulacrum (15 damage)
             ... on level 5 of the Lair of Beasts.
             The game lasted 00:44:09 (14116 turns).

ReteAZ the Warrior (Gargoyle Gladiator)            Turns: 14116, Time: 00:44:10

Health: -1/92      AC: 33    Str: 24    XL:     13   Next: 41%
Magic:  19/19      EV:  9    Int:  8    God:    Makhleb [*****.]
Gold:   772        SH: 13    Dex: 11    Spells: 12/12 levels left

rFire    + . .     SeeInvis .   T - +2 trident (freeze)
rCold    . . .     Gourm    .   Y - +0 shield {AC+3}
rNeg     + . .     Faith    .   n - +0 plate armour
rPois    ∞         Spirit   .   c - +0 helmet
rElec    +         Reflect  +   y - +0 cloak
rCorr    .         Harm     .   (no gloves)
MR       .....                  Z - +2 pair of boots
Stlth    ..........             q - +6 amulet of reflection
HPRegen  0.25/turn              Q - +4 ring of evasion
MPRegen  0.16/turn              X - ring of protection from fire

@: no status effects
A: negative energy resistance 1, electricity resistance, unbreathing,
petrification resistance, rot immunity, AC +9
a: Minor Destruction, Lesser Servant of Makhleb, Major Destruction, Greater
Servant of Makhleb, Renounce Religion


You were on level 5 of the Lair of Beasts.
You worshipped Makhleb.
Makhleb was extremely pleased with you.
You were not hungry.

You visited 2 branches of the dungeon, and saw 15 of its levels.
You also visited: Sewer.

You collected 805 gold pieces.
You spent 33 gold pieces at shops.

Inventory:

Hand Weapons
 a - a +0 quarterstaff
 T - a +2 trident of freezing (weapon)
Missiles
 d - 4 throwing nets (quivered)
Armour
 c - a +0 helmet (worn)
 n - a +0 plate armour (worn)
 y - a +0 cloak (worn)
 Y - a +0 shield of protection (worn)
 Z - a +2 pair of boots (worn)
Jewellery
 q - a +6 amulet of reflection (around neck)
 Q - a +4 ring of evasion (left hand)
 X - a ring of protection from fire (right hand)
Wands
 b - a wand of paralysis (11)
 j - a wand of digging (6)
 o - a wand of polymorph (32)
 w - a wand of enslavement (10)
 I - a wand of random effects (19)
 O - a wand of iceblast (14)
 V - a wand of flame (14)
Scrolls
 e - 4 scrolls of identify
 i - 11 scrolls of remove curse
 k - 2 scrolls of magic mapping
 r - 2 scrolls of noise
 s - a scroll of amnesia
 v - 2 scrolls of blinking
 B - 6 scrolls of teleportation
 C - 2 scrolls of fog
 E - a scroll of enchant armour
 J - a scroll of vulnerability
 L - 2 scrolls of enchant weapon
 M - 2 scrolls of holy word
 R - a scroll of brand weapon
 W - 3 scrolls of random uselessness
Potions
 h - 2 potions of might {unknown}
 m - a potion of invisibility {unknown}
 p - 2 potions of brilliance {unknown}
 t - 12 potions of curing
 u - 6 potions of lignification {unknown}
 x - a potion of heal wounds
 z - 5 potions of magic {unknown}
 A - 3 potions of degeneration {unknown}
 F - 2 potions of haste
 G - a potion of mutation {unknown}
 P - a potion of agility {unknown}
 U - 3 potions of flight {unknown}
Comestibles
 f - 34 rations
 g - 6 chunks of flesh


   Skills:
 - Level 15.0 Fighting
 - Level 13.0 Staves
 - Level 1.7 Throwing
 * Level 9.4 Armour
 + Level 3.4 Dodging
 - Level 8.2 Invocations


You had 12 spell levels left.
You didn't know any spells.
Your spell library contained the following spells:

 Spells                   Type           Power        Failure   Level  Hunger
 Confusing Touch          Hex            #.....       100%        1    ##.....
 Infusion                 Chrm           #...         100%        1    ##.....
 Sandblast                Erth           #.....       100%        1    ##.....
 Passwall                 Tmut/Erth      #.......     100%        2    ###....
 Shroud of Golubria       Chrm/Tloc      #.....       100%        2    ###....
 Song of Slaying          Chrm           #.......     100%        2    ###....
 Confuse                  Hex            #.......     100%        3    ####...
 Gell's Gravitas          Tloc           #.........   100%        3    ####...
 Regeneration             Chrm/Necr      #.........   100%        3    ####...
 Spectral Weapon          Hex/Chrm       #.......     100%        3    ####...
 Stone Arrow              Conj/Erth      #.....       100%        3    ####...
 Petrify                  Tmut/Erth      #.......     100%        4    #####..
 Lee's Rapid Deconstruct  Erth           #.........   100%        5    ######.
 Metabolic Englaciation   Hex/Ice        #.........   100%        5    ######.
 Yara's Violent Unravell  Hex/Tmut       #.........   100%        5    ######.


Dungeon Overview and Level Annotations

Branches:
Dungeon (10/15)            Temple (0/1) D:5            Lair (5/6) D:8
  Swamp (0/4) Lair:2       Spider (0/4) Lair:2        Slime (0/5) Lair:5
    Orc (0/2) D:10          Sewer (visited)

Altars:
Fedhas
Kikubaaqudgha
Makhleb
Ru
Trog
Uskayaw
Vehumet
Zin
Jiyva

Shops:
D:4 *   D:6 *   D:8 !   D:9 ?


Innate Abilities, Weirdness & Mutations

You are resistant to torment.
Your stone body is resilient. (AC +9)
You are immune to poison.
You resist negative energy. (rN+)
You are resistant to electric shocks. (rElec)
You can survive without breathing.
You are immune to petrification.
You are immune to rotting.


Message History

The six-headed hydra simulacrum is heavily damaged.
The six-headed hydra simulacrum bites you but does no damage. x3
You block the six-headed hydra simulacrum's attack.
The six-headed hydra simulacrum bites you but does no damage. x2
You puncture the six-headed hydra simulacrum!
The six-headed hydra simulacrum is severely damaged.
The six-headed hydra simulacrum bites you.
The six-headed hydra simulacrum freezes you!
You block the six-headed hydra simulacrum's attack. x2
The six-headed hydra simulacrum bites you but does no damage.
The six-headed hydra simulacrum bites you.
The six-headed hydra simulacrum freezes you!!
* * * LOW HITPOINT WARNING * * *
You block the six-headed hydra simulacrum's attack.
A demon appears!
The six-headed hydra simulacrum closely misses you.
The six-headed hydra simulacrum bites you.
* * * LOW HITPOINT WARNING * * *
The six-headed hydra simulacrum freezes you!
You die...

#### .....###..####..
.#.###...##..........
.........#.....WZ.#
###......##..#ZkZ...# .#
##.###....#..#Z..=... ..# ####
##...#..##.$Z..##..# ##
##..#...###!$##..# .#
#...##....####...#..## ##
#....#...Z@.....##...# #
##...##.........#.....
########P...##.3.....##.....
PP##.##......###'%'###......
.P....#...........(....(..>..
....#..............P.........
.####..........).......>......
.# ##..........)#............
## #.......>...##...........


You could see a six-headed hydra simulacrum and a friendly neqoxec.

Vanquished Creatures
  The ghost of Mortifus the Sage, a journeyman TrWr of Sif Muna (Lair:5)
  4 hydras
  A catoblepas (Lair:4)
  4 two-headed ogres
  Sonja (Lair:5)
  10 elephants
  A black mamba (Lair:5)
  5 spiny frogs
  3 rime drakes (Lair:5)
  5 komodo dragons
  A demonic crawler (Lair:2)
  2 trolls (D:10)
  A meliai (Lair:5)
  A tyrant leech (Lair:2)
  Grinder (D:5)
  3 blink frogs (Lair:4)
  4 slime creatures (D:10)
  Prince Ribbit (D:5)
  3 hippogriffs
  Sigmund (D:3)
  8 yaks
  A spriggan (D:7)
  A vampire (D:10)
  A wyvern (Lair:4)
  A basilisk (Lair:2)
  A catoblepas simulacrum (Lair:5)
  A swamp worm (Lair:2)
  11 water moccasins
  2 orc warriors
  8 porcupines
  3 sky beasts
  Purgy (Sewer)
  9 ogres
  A black bear (D:8)
  A hornet zombie (D:9)
  A black mamba simulacrum (Lair:5)
  4 ice beasts
  2 phantoms (D:7)
  An eye of draining (D:9)
  3 centaurs
  4 crocodiles
  The ghost of Kobolds4U the Magician, an amateur DECj of Qazlal (D:3)
  8 big kobolds (D:10)
  10 bullfrogs
  3 gnoll sergeants
  A spiny frog simulacrum (Lair:5)
  A wyvern skeleton (D:7)
  7 scorpions
  A dream sheep simulacrum (Lair:5)
  3 wights (D:9)
  An electric eel (Lair:3)
  A jelly (D:6)
  3 bullfrog zombies
  3 crimson imps
  3 quasits (D:3)
  A centaur zombie (D:10)
  3 orc priests
  3 hounds
  7 orc wizards
  4 bullfrog skeletons
  4 iguanas
  Terence (D:3)
  11 worker ants
  A hound zombie (D:7)
  A hound skeleton (D:10)
  A worker ant zombie (D:6)
  A howler monkey zombie (D:8)
  11 gnolls
  12 adders
  4 shadow imps
  A white imp (D:4)
  2 adder zombies
  An adder skeleton (D:4)
  2 worms
  2 dart slugs (D:3)
  3 leopard geckos
  27 orcs
  3 ball pythons
  15 bats
  11 giant cockroaches
  4 goblins (D:3)
  13 hobgoblins
  10 jackals
  5 quokkas
  11 frilled lizards
  19 kobolds
  A leopard gecko skeleton (D:4)
  A quokka zombie (D:7)
  5 rats
365 creatures vanquished.

Vanquished Creatures (collateral kills)
  The ghost of FishyPogo the Thaumaturge, a journeyman GnSk of Makhleb (D:10)
  A yak (D:8)
  An ogre (D:10)
  A centaur (D:8)
4 creatures vanquished.

Vanquished Creatures (others)
  A human (D:5)
  A centaur (D:10)
  An orc (D:10)
  2 fungi (Lair:5)
  2 plants
7 creatures vanquished.

Grand Total: 376 creatures vanquished

Notes
Turn   | Place    | Note
-------+----------+-------------------------------------------
     0 | D:1      | ReteAZ the Gargoyle Gladiator began the quest for the Orb.
     0 | D:1      | Reached XP level 1. HP: 12/12 MP: 1/1
    92 | D:1      | Reached XP level 2. HP: 15/17 MP: 2/2
  1294 | D:2      | Reached XP level 3. HP: 16/21 MP: 3/3
  1493 | D:2      | Found a burning altar of Makhleb.
  1495 | D:2      | Found a glowing silver altar of Zin.
  1495 | D:2      | Noticed an angel
  1496 | D:2      | Noticed a blizzard demon
  1512 | D:2      | Became a worshipper of Makhleb the Destroyer
  1784 | D:2      | Found a radiant altar of Vehumet.
  1990 | D:3      | Found a bloodstained altar of Trog.
  1996 | D:3      | Reached XP level 4. HP: 26/26 MP: 4/4
  2048 | D:3      | Reached skill level 1 in Armour
  2070 | D:3      | Reached * piety under Makhleb
  2191 | D:3      | Reached XP level 5. HP: 31/32 MP: 5/5
  2230 | D:3      | Reached skill level 3 in Fighting
  2267 | D:3      | Noticed Kobolds4U's ghost (amateur DECj)
  2268 | D:3      | Found a transporter.
  2286 | D:3      | Found a transporter.
  2310 | D:3      | Killed Kobolds4U's ghost
  2310 | D:3      | Reached skill level 5 in Staves
  2314 | D:3      | Reached XP level 6. HP: 28/38 MP: 6/6
  2354 | D:3      | Reached skill level 4 in Fighting
  2531 | D:3      | Found a faded altar of an unknown god.
  2688 | D:3      | Reached ** piety under Makhleb
  2691 | D:3      | Found a sacrificial altar of Ru.
  2921 | D:3      | Noticed Terence
  2928 | D:3      | Killed Terence
  3018 | D:3      | Noticed Sigmund
  3039 | D:3      | Killed Sigmund
  3039 | D:3      | Reached skill level 5 in Fighting
  3039 | D:3      | Reached XP level 7. HP: 15/44 MP: 7/7
  3392 | D:4      | Found Siuca's Assorted Antiques.
  3506 | D:4      | Reached skill level 5 in Armour
  3757 | D:5      | Entered Level 5 of the Dungeon
  3764 | D:5      | Noticed Grinder
  3764 | D:5      | Paralysed by Grinder for 4 turns
  3767 | D:5      | Noticed Prince Ribbit
  3783 | D:5      | Reached XP level 8. HP: 51/51 MP: 8/8
  3850 | D:5      | Found an ancient bone altar of Kikubaaqudgha.
  3915 | D:5      | Reached skill level 6 in Fighting
  4047 | D:5      | Found a staircase to the Ecumenical Temple.
  4165 | D:5      | Killed Grinder
  4391 | D:5      | Killed Prince Ribbit
  4391 | D:5      | Reached skill level 7 in Fighting
  4521 | D:6      | Found a glowing drain.
  4547 | D:6      | Reached *** piety under Makhleb
  4547 | D:6      | Reached XP level 9. HP: 57/57 MP: 9/9
  4549 | Sewer    | Entered a sewer
  4578 | Sewer    | Noticed Purgy
  4594 | Sewer    | Killed Purgy
  4795 | D:6      | Got a faintly glowing dagger
  4796 | D:6      | Identified the cursed +1 dagger of the Middle {vamp, rN+
                  | MR- Int+9} (You found it on level 6 of the Dungeon)
  4898 | D:6      | Found a burning altar of Makhleb.
  4974 | D:6      | Reached skill level 8 in Fighting
  5846 | D:6      | Found Dosin's General Store.
  5864 | D:6      | Bought a scroll of teleportation for 33 gold pieces
  5966 | D:7      | Found a blossoming altar of Fedhas.
  6075 | D:7      | Reached skill level 1 in Invocations
  6256 | D:7      | Found a hide-covered altar of Uskayaw.
  6821 | D:8      | Found a staircase to the Lair.
  6843 | D:8      | Reached XP level 10. HP: 65/65 MP: 13/13
  6850 | D:8      | Reached skill level 5 in Invocations
  7247 | D:8      | Noticed a two-headed ogre
  7261 | D:8      | Killed a two-headed ogre
  7316 | D:8      | Reached **** piety under Makhleb
  7384 | D:8      | Found Pougejeb's Distillery.
  8809 | D:9      | Reached skill level 10 in Staves
  8974 | D:9      | Found Qusiarch's Magic Scroll Emporium.
  8993 | D:9      | Reached XP level 11. HP: 69/69 MP: 17/17
  9248 | D:10     | Entered Level 10 of the Dungeon
  9280 | D:10     | Found a transporter.
  9289 | D:10     | Noticed FishyPogo's ghost (journeyman GnSk)
  9341 | D:10     | Noticed a two-headed ogre
  9342 | D:10     | Noticed a two-headed ogre
  9344 | D:10     | Found a transporter.
  9349 | D:10     | Reached skill level 9 in Fighting
  9350 | D:10     | Killed a two-headed ogre
  9356 | D:10     | Killed a two-headed ogre
  9371 | D:10     | Killed FishyPogo's ghost
  9486 | D:10     | Noticed a two-headed ogre
  9495 | D:10     | Killed a two-headed ogre
  9495 | D:10     | Reached skill level 10 in Fighting
  9676 | D:10     | Found a staircase to the Orcish Mines.
  9723 | D:10     | Reached skill level 11 in Fighting
  9727 | D:10     | Reached ***** piety under Makhleb
  9998 | Lair:1   | Entered Level 1 of the Lair of Beasts
 10101 | Lair:1   | Noticed an eight-headed hydra
 10143 | Lair:1   | Killed an eight-headed hydra
 10303 | Lair:1   | Reached XP level 12. HP: 68/81 MP: 18/18
 10331 | Lair:1   | Reached skill level 12 in Fighting
 11071 | Lair:2   | Found a hole to the Spider Nest.
 11296 | Lair:2   | Noticed a five-headed hydra
 11317 | Lair:2   | Killed a five-headed hydra
 11317 | Lair:2   | Reached skill level 13 in Fighting
 11366 | Lair:2   | Noticed a five-headed hydra
 11409 | Lair:2   | Killed a five-headed hydra
 11610 | Lair:2   | Found a staircase to the Swamp.
 12428 | Lair:4   | Noticed a four-headed hydra
 12442 | Lair:3   | Killed a four-headed hydra
 12640 | Lair:4   | Reached skill level 14 in Fighting
 12943 | Lair:4   | Reached XP level 13. HP: 89/91 MP: 19/19
 13604 | Lair:5   | Found a staircase to the Slime Pits.
 13604 | Lair:5   | Found a viscous altar of Jiyva.
 13634 | Lair:5   | Reached skill level 15 in Fighting
 13687 | Lair:5   | Found a runed translucent gate.
 13687 | Lair:5   | Found a runed translucent gate.
 13687 | Lair:5   | Found a runed translucent gate.
 13692 | Lair:5   | Noticed Sonja
 13707 | Lair:5   | Killed Sonja
 13800 | Lair:5   | Identified a scroll of acquirement
 13974 | Lair:5   | Noticed Mortifus's ghost (journeyman TrWr)
 14041 | Lair:5   | Killed Mortifus's ghost
 14116 | Lair:5   | Slain by a six-headed hydra simulacrum

Levels and vault maps discovered:
D:1:      dpeg_arrival_tiny_c, layout_basic
D:2:      minmay_door_path, layout_basic, vehumet_crystals,
          grunt_temple_overflow_order_and_chaos_2
D:3:      layout_basic, nicolae_ru_great_annihilating_truth,
          lemuel_crystal_altar, gammafunk_ghost_stat_death,
          chequers_ecumenical_altar_simple, kennysheep_generic_room_5,
          uniq_sigmund, uniq_terence
D:4:      layout_cave_pools, serial_shops, kennysheep_little_box,
          minmay_fire_ice_demons
D:5:      layout_gridville, minmay_temple_entry_waves, first_ration,
          tgw_kikubaaqudgha, uniq_grinder, uniq_prince_ribbit1
D:6:      layout_loops_ring, gup_sewer_entry_glass, serial_shops,
          nicolae_shop_waterfront, kennysheep_flooded_box, minivault_25
D:7:      layout_loops_ring, lemuel_crystal_altar, overflow_temple_1_default,
          kennysheep_pointless_box, the_bakery, st_stairs_7
D:8:      layout_layer_cave, lair_entry_dummy, serial_shops, kennysheep_mini
D:9:      layout_irregular_city, serial_shops, shop_scrolls
D:10:     layout_roguey, kennysheep_orc_monster_closet_entryway,
          gammafunk_ghost_smash
Lair:1:   layout_gridlike, grunt_megastairs_3, lemuel_fruit_tree
Lair:2:   layout_misc_corridors, palyth_hydra_swamp_entry,
          nicolae_spider_entry_non_spiders, minmay_hedge_maze
Lair:3:   layout_gridlike, grunt_megastairs_2
Lair:4:   layout_cave_pods, serial_bayou_shore_b
Lair:5:   layout_roguey [special_room_bee], slime_altar_1, gammafunk_ghost_icy,
          grunt_megastairs_5, uniq_sonja

Skill      XL: |  1  2  3  4  5  6  7  8  9 10 11 12 13 |
---------------+----------------------------------------+-----
Staves         | 4 5 6 7 10 11 12 13 | 13.0
Armour         | 1 3 4 5 7 8 9 |  9.4
Fighting       | 3 5 7 8 11 14 15 | 15.0
Invocations    | 4 8 |  8.2
Dodging        | 3 |  3.4
Throwing       | |  1.7

Action                   |  1- 3 |  4- 6 |  7- 9 | 10-12 | 13-15 || total
-------------------------+-------+-------+-------+-------+-------++-------
Melee: Quarterstaff      |    53 |       |       |       |       ||    53
       Short sword       |    40 |   249 |   241 |       |       ||   530
       Dagger            |       |       |   926 |       |       ||   926
       Falchion          |       |       |    66 |   111 |       ||   177
       Trident           |       |       |       |   894 |   272 ||  1166
       Demon blade       |       |       |       |    34 |       ||    34
Throw: Throwing net      |       |     5 |     5 |     1 |       ||    11
Invok: Lesser Servant of |       |       |       |     2 |     1 ||     3
  Use: Potion            |       |     2 |     1 |       |       ||     3
       Scroll            |       |     1 |     9 |       |    12 ||    22
 Stab: Sleeping          |     4 |       |       |       |       ||     4
       Paralysed         |       |     1 |       |       |       ||     1
       Distracted        |       |       |       |     1 |       ||     1
  Eat: Chunk             |     3 |     4 |     9 |    11 |     5 ||    32
       Ration            |       |       |     2 |     3 |       ||     5
Armor: Leather armour    |    14 |       |       |       |       ||    14
       Plate armour      |    45 |   491 |    60 |   649 |   168 ||  1413
       Scale mail        |       |    10 |   895 |       |       ||   905
Dodge: Dodged            |    35 |   146 |   757 |   327 |    64 ||  1329
Block: Buckler           |     1 |    75 |   763 |   162 |       ||  1001
       Reflection        |       |       |     6 |    10 |     4 ||    20
       Shield            |       |       |       |   499 |   194 ||   693
       Rpst.: Falchion   |       |       |     5 |    14 |       ||    19
       Demon blade       |       |       |       |     7 |       ||     7
